TOP OF THE 1ST |
Atlanta Braves batting - Pitching for Philadelphia Phillies : RHP Scott Bernstein
|
Pitching: RHP Scott Bernstein
|
|
Batting: RHB Liangde Li
|
0-0: Ball 1-0: Ball 2-0: Ball 3-0: Called Strike 3-1: Base on Balls
|
Batting: RHB Butch Kaiser
|
0-0: Called Strike 0-1: DOUBLE (Line Drive, 3D, EV 94.4 MPH) Liangde Li to third Runner from 3rd tries for Home, SAFE, no throw by RF
|
Batting: LHB Tom Best
|
0-0: Called Strike 0-1: Ball 1-1: Foul Ball, location: 2F 1-2: Ground out U3 (Groundball, 23, EV 78.1 MPH) Butch Kaiser to third
|
Batting: RHB Jim Zucco
|
0-0: Foul Ball, location: 2F 0-1: Called Strike 0-2: Ball 1-2: DOUBLE (Line Drive, 78D, EV 106.9 MPH) Butch Kaiser scores
|
Batting: LHB Yasahiko Teshima
|
0-0: Ball 1-0: Ground out U3 (Groundball, 3, EV 103.8 MPH) Jim Zucco to third
|
Batting: RHB Ray Llewellyn
|
0-0: Called Strike 0-1: Foul Ball, location: 2F 0-2: Ball 1-2: Ball 2-2: Ball 3-2: Base on Balls
|
Batting: LHB Curt Nelson
|
0-0: Ball 1-0: Ball 2-0: Called Strike 2-1: Ground out 4-3 (Groundball, 4, EV 94.4 MPH)
|
Top of the 1st over - 2 runs, 2 hits, 0 errors, 2 left on base; Atlanta 2 - Philadelphia 0 |
BOTTOM OF THE 1ST |
Philadelphia Phillies batting - Pitching for Atlanta Braves : LHP Joe Testa
|
Pitching: LHP Joe Testa
|
|
Batting: RHB Ji-an Li
|
0-0: Ground out 1-3 (Groundball, 13S, EV 70.0 MPH)
|
Batting: LHB Jeff Luvisi
|
0-0: Ground out 1-3 (Groundball, 15S, EV 69.4 MPH)
|
Batting: RHB Raul de la Cruz
|
0-0: Reached on error, E6 (Groundball, 6D, EV 110.0 MPH)
|
Batting: LHB Alberto Figueroa
|
0-0: Ball 1-0: Foul Ball, location: 2F 1-1: Foul Ball, location: 2F 1-2: Strikes out swinging
|
Bottom of the 1st over - 0 runs, 0 hits, 1 error, 1 left on base; Atlanta 2 - Philadelphia 0 |
TOP OF THE 2ND |
Atlanta Braves batting - Pitching for Philadelphia Phillies : RHP Scott Bernstein
|
Batting: SHB Ken Welch
|
0-0: DOUBLE (Flyball, 8RXD, EV 103.8 MPH)
|
Batting: RHB Liu-liang Lei
|
0-0: Ball 1-0: Foul Ball, location: 2F 1-1: Called Strike 1-2: Strikes out swinging
|
Batting: RHB Liangde Li
|
0-0: Ball 1-0: Swinging Strike 1-1: Swinging Strike 1-2: Ball 2-2: Ball 3-2: Fly out, F9 (Line Drive, 9LM, EV 89.4 MPH)
|
Batting: RHB Butch Kaiser
|
0-0: Ball 1-0: Foul Ball, location: 2F 1-1: Ball 2-1: Foul Ball, location: 2F 2-2: SINGLE (Groundball, 4MD, EV 100.0 MPH) (infield hit) Ken Welch to third
|
Batting: LHB Tom Best
|
0-0: Swinging Strike 0-1: Ball 1-1: Ball 2-1: Ball 3-1: Foul Ball, location: 2F 3-2: Ground out U3 (Groundball, 34, EV 78.8 MPH)
|
Top of the 2nd over - 0 runs, 2 hits, 0 errors, 2 left on base; Atlanta 2 - Philadelphia 0 |
BOTTOM OF THE 2ND |
Philadelphia Phillies batting - Pitching for Atlanta Braves : LHP Joe Testa
|
Batting: RHB Chef Belew
|
0-0: Ball 1-0: Called Strike 1-1: Ball 2-1: Called Strike 2-2: Strikes out swinging
|
Batting: SHB Patrick Kimmel
|
0-0: Ball 1-0: Foul Ball, location: 2F 1-1: Fly out, F4 (Popup, 3DF, EV 53.8 MPH)
|
Batting: LHB Nick Canizales
|
0-0: Called Strike 0-1: Ball 1-1: Foul Ball, location: 2F 1-2: Ball 2-2: Ball 3-2: Foul Ball, location: 2F 3-2: Foul Ball, location: 2F 3-2: Strikes out swinging
|
Bottom of the 2nd over - 0 runs, 0 hits, 0 errors, 0 left on base; Atlanta 2 - Philadelphia 0 |
TOP OF THE 3RD |
Atlanta Braves batting - Pitching for Philadelphia Phillies : RHP Scott Bernstein
|
Batting: RHB Jim Zucco
|
0-0: Ball 1-0: Ball 2-0: Foul Ball, location: 2F 2-1: Foul Ball, location: 2F 2-2: Foul Ball, location: 2F 2-2: Ground out U3 (Groundball, 34S, EV 80.0 MPH)
|
Batting: LHB Yasahiko Teshima
|
0-0: Swinging Strike 0-1: Ball 1-1: SOLO HOME RUN (Flyball, 9D, EV 93.8 MPH), Distance : 367 ft
|
Batting: RHB Ray Llewellyn
|
0-0: Foul Ball, location: 2F 0-1: Foul Ball, location: 2F 0-2: Foul Ball, location: 2F 0-2: Hit by Pitch
|
Batting: LHB Curt Nelson
|
0-0: Swinging Strike 0-1: Ball 1-1: Grounds into double play, 4-6-3 (Groundball, 4, EV 76.9 MPH)
|
Top of the 3rd over - 1 run, 1 hit, 0 errors, 0 left on base; Atlanta 3 - Philadelphia 0 |
BOTTOM OF THE 3RD |
Philadelphia Phillies batting - Pitching for Atlanta Braves : LHP Joe Testa
|
Batting: LHB Rich Sullivan
|
0-0: Called Strike 0-1: Called Strike 0-2: Strikes out swinging
|
Batting: RHB Mitch Boyd
|
0-0: Ball 1-0: Ball 2-0: Called Strike 2-1: Ball 3-1: Ground out 2-3 (Groundball, 2R, EV 63.8 MPH)
|
Batting: RHB Ji-an Li
|
0-0: Ball 1-0: Foul Ball, location: 2F 1-1: Ball 2-1: Ball 3-1: SINGLE (Groundball, 6M, EV 82.5 MPH) (infield hit)
|
Batting: LHB Jeff Luvisi
|
0-0: Called Strike 0-1: Called Strike 0-2: Ball Ji-an Li steals 2nd base 1-2: DOUBLE (Line Drive, 9LS, EV 103.8 MPH) Ji-an Li scores
|
Batting: RHB Raul de la Cruz
|
0-0: Ball 1-0: Ground out 4-3 (Groundball, 4M, EV 94.4 MPH)
|
Bottom of the 3rd over - 1 run, 2 hits, 0 errors, 1 left on base; Atlanta 3 - Philadelphia 1 |
TOP OF THE 4TH |
Atlanta Braves batting - Pitching for Philadelphia Phillies : RHP Scott Bernstein
|
Batting: SHB Ken Welch
|
0-0: Called Strike 0-1: Ball 1-1: Called Strike 1-2: Ball 2-2: Ball 3-2: SINGLE (Groundball, 34D, EV 98.1 MPH)
|
Batting: RHB Liu-liang Lei
|
0-0: Foul Ball, location: 2F 0-1: Grounds into double play, 5-4-3 (Groundball, 5, EV 84.4 MPH)
|
Batting: RHB Liangde Li
|
0-0: Swinging Strike 0-1: Ball 1-1: Swinging Strike 1-2: Strikes out swinging
|
Top of the 4th over - 0 runs, 1 hit, 0 errors, 0 left on base; Atlanta 3 - Philadelphia 1 |
BOTTOM OF THE 4TH |
Philadelphia Phillies batting - Pitching for Atlanta Braves : LHP Joe Testa
|
Batting: LHB Alberto Figueroa
|
0-0: Fly out, F4 (Line Drive, 4, EV 69.4 MPH)
|
Batting: RHB Chef Belew
|
0-0: Called Strike 0-1: DOUBLE (Line Drive, 7LS, EV 93.1 MPH)
|
Batting: SHB Patrick Kimmel
|
0-0: Ball 1-0: Ball 2-0: Called Strike 2-1: Fly out, F8 (Flyball, 78S, EV 90.6 MPH)
|
Batting: LHB Nick Canizales
|
0-0: Ball 1-0: SINGLE (Groundball, 13, EV 82.5 MPH) (infield hit) Chef Belew to third
|
Batting: LHB Rich Sullivan
|
0-0: Called Strike 0-1: Ball 1-1: Foul Ball, location: 2F 1-2: Ball 2-2: Ball 3-2: Ground out 3-1 (Groundball, 34S, EV 88.8 MPH)
|
Bottom of the 4th over - 0 runs, 2 hits, 0 errors, 2 left on base; Atlanta 3 - Philadelphia 1 |
TOP OF THE 5TH |
Atlanta Braves batting - Pitching for Philadelphia Phillies : RHP Scott Bernstein
|
Batting: RHB Butch Kaiser
|
0-0: Ball 1-0: Ball 2-0: Ball 3-0: Base on Balls
|
Batting: LHB Tom Best
|
0-0: Ball Wild Pitch! Butch Kaiser to second 1-0: Foul Ball, location: 2F 1-1: Ball 2-1: Foul Ball, location: 2F 2-2: Foul Ball, location: 2F 2-2: Ball 3-2: Fly out, F5 (Popup, 5SF, EV 87.5 MPH)
|
Batting: RHB Jim Zucco
|
0-0: Called Strike 0-1: Ball 1-1: Ball 2-1: Called Strike 2-2: Strikes out swinging
|
Batting: LHB Yasahiko Teshima
|
0-0: Ball 1-0: Ball 2-0: Ball 3-0: Base on Balls
|
Batting: RHB Ray Llewellyn
|
0-0: Ball 1-0: Foul Ball, location: 2F 1-1: Ball 2-1: Swinging Strike 2-2: Ground out 5-3 (Groundball, 56S, EV 83.8 MPH)
|
Top of the 5th over - 0 runs, 0 hits, 0 errors, 2 left on base; Atlanta 3 - Philadelphia 1 |
BOTTOM OF THE 5TH |
Philadelphia Phillies batting - Pitching for Atlanta Braves : LHP Joe Testa
|
Batting: RHB Mitch Boyd
|
0-0: Ball 1-0: Fly out, F8 (Flyball, 8LD, EV 105.6 MPH)
|
Batting: RHB Ji-an Li
|
0-0: Ball 1-0: Called Strike 1-1: Ball 2-1: Foul Ball, location: 2F 2-2: Ball 3-2: Foul Ball, location: 2F 3-2: Base on Balls
|
Batting: LHB Jeff Luvisi
|
0-0: Ball 1-0: Ball 2-0: Called Strike 2-1: Ball 3-1: Fly out, F9 (Line Drive, 89M, EV 92.5 MPH)
|
Batting: RHB Raul de la Cruz
|
0-0: Foul Ball, location: 2F 0-1: Ball 1-1: Swinging Strike 1-2: Ball Wild Pitch! Ji-an Li to second 2-2: Strikes out looking
|
Bottom of the 5th over - 0 runs, 0 hits, 0 errors, 1 left on base; Atlanta 3 - Philadelphia 1 |
TOP OF THE 6TH |
Atlanta Braves batting - Pitching for Philadelphia Phillies : RHP Scott Bernstein
|
Pitching: LHP Steve Pratt
|
|
Batting: LHB Curt Nelson
|
0-0: Ball 1-0: Called Strike 1-1: Ball 2-1: Ball 3-1: Base on Balls
|
Batting: SHB Ken Welch
|
0-0: Called Strike 0-1: Fly out, F7 (Flyball, 78S, EV 87.5 MPH)
|
Batting: RHB Liu-liang Lei
|
0-0: Ball 1-0: Ball 2-0: Ball 3-0: Called Strike 3-1: Base on Balls Curt Nelson to second
|
Batting: RHB Liangde Li
|
0-0: Ball 1-0: Foul Ball, location: 2F 1-1: Ball 2-1: Ball 3-1: Base on Balls Curt Nelson to third Liu-liang Lei to second
|
Batting: RHB Butch Kaiser
|
0-0: Swinging Strike 0-1: Swinging Strike 0-2: Ball 1-2: Ball 2-2: Strikes out swinging
|
Batting: LHB Tom Best
|
0-0: Ball 1-0: Called Strike 1-1: Swinging Strike 1-2: Ball 2-2: Foul Ball, location: 2F 2-2: SINGLE (Groundball, 4MD, EV 95.0 MPH) Curt Nelson scores Liu-liang Lei to third Liangde Li to second Runner from 3rd tries for Home, SAFE, throw by CF to home
|
Batting: RHB Jim Zucco
|
0-0: Foul Ball, location: 2F 0-1: Swinging Strike 0-2: SINGLE (Line Drive, 89S, EV 95.6 MPH) Liangde Li to third Tom Best to second Runner from 3rd tries for Home, SAFE, throw by CF to home
|
Pitching: LHP Luis Concepcion
|
|
Batting: LHB Yasahiko Teshima
|
0-0: Ball 1-0: Ball 2-0: Called Strike 2-1: Foul Ball, location: 2F 2-2: Foul Ball, location: 2F 2-2: Foul Ball, location: 2F 2-2: Foul Ball, location: 2F 2-2: Ball 3-2: Base on Balls Tom Best to third Jim Zucco to second
|
Batting: RHB Ray Llewellyn
|
0-0: Foul Ball, location: 2F 0-1: Foul Ball, location: 2F 0-2: Foul Ball, location: 2F 0-2: Ball 1-2: Strikes out swinging
|
Top of the 6th over - 3 runs, 2 hits, 0 errors, 3 left on base; Atlanta 6 - Philadelphia 1 |
BOTTOM OF THE 6TH |
Philadelphia Phillies batting - Pitching for Atlanta Braves : LHP Joe Testa
|
Batting: LHB Alberto Figueroa
|
0-0: Ball 1-0: Called Strike 1-1: Foul Ball, location: 2F 1-2: Ball 2-2: Ball 3-2: Ground out 4-3 (Groundball, 4, EV 104.4 MPH)
|
Batting: RHB Chef Belew
|
0-0: Called Strike 0-1: Ball 1-1: Foul Ball, location: 2F 1-2: Fly out, F9 (Flyball, 9LS, EV 97.5 MPH)
|
Batting: SHB Patrick Kimmel
|
0-0: Foul Ball, location: 2F 0-1: Ground out 4-3 (Groundball, 4, EV 99.4 MPH)
|
Bottom of the 6th over - 0 runs, 0 hits, 0 errors, 0 left on base; Atlanta 6 - Philadelphia 1 |
TOP OF THE 7TH |
Atlanta Braves batting - Pitching for Philadelphia Phillies : LHP Luis Concepcion
|
Batting: LHB Curt Nelson
|
0-0: Swinging Strike 0-1: SOLO HOME RUN (Flyball, 78XD, EV 107.5 MPH), Distance : 413 ft
|
Batting: SHB Ken Welch
|
0-0: Ball 1-0: Called Strike 1-1: Ball 2-1: Foul Ball, location: 2F 2-2: Foul Ball, location: 2F 2-2: Ball 3-2: Foul Ball, location: 2F 3-2: Foul Ball, location: 2F 3-2: Foul Ball, location: 2F 3-2: Foul Ball, location: 2F 3-2: SINGLE (Flyball, 4D, EV 88.8 MPH)
|
Pitching: RHP Mike Kamm
|
|
Batting: RHB Liu-liang Lei
|
0-0: Ball 1-0: SINGLE (Groundball, 6MD, EV 103.8 MPH) Ken Welch to second
|
Batting: RHB Liangde Li
|
0-0: Foul Ball, location: 2F 0-1: Ball 1-1: Called Strike 1-2: Foul Ball, location: 2F 1-2: Ball 2-2: TRIPLE (Flyball, 89XD, EV 109.4 MPH) Ken Welch scores Liu-liang Lei scores
|
Batting: RHB Butch Kaiser
|
0-0: Called Strike 0-1: Ball 1-1: Called Strike 1-2: Strikes out looking
|
Batting: LHB Tom Best
|
0-0: Swinging Strike 0-1: Ball 1-1: Foul Ball, location: 2F 1-2: Ball 2-2: Strikes out swinging
|
Batting: RHB Jim Zucco
|
0-0: SINGLE (Groundball, 56, EV 103.1 MPH) Liangde Li scores
|
Batting: LHB Yasahiko Teshima
|
0-0: Foul Ball, location: 2F 0-1: Swinging Strike 0-2: Ball 1-2: Ball 2-2: Fly out, F4 (Line Drive, 4, EV 69.4 MPH)
|
Top of the 7th over - 4 runs, 5 hits, 0 errors, 1 left on base; Atlanta 10 - Philadelphia 1 |
BOTTOM OF THE 7TH |
Philadelphia Phillies batting - Pitching for Atlanta Braves : LHP Joe Testa
|
Batting: LHB Nick Canizales
|
0-0: DOUBLE (Flyball, 8RD, EV 102.5 MPH)
|
Batting: LHB Rich Sullivan
|
0-0: Called Strike 0-1: Ball 1-1: Foul Ball, location: 2F 1-2: Foul Ball, location: 2F 1-2: Strikes out swinging
|
Batting: RHB Mitch Boyd
|
0-0: DOUBLE (Flyball, 8RXD, EV 103.8 MPH) Nick Canizales scores
|
Batting: RHB Ji-an Li
|
0-0: Called Strike 0-1: Ball 1-1: Ball 2-1: Foul Ball, location: 2F 2-2: Ground out 4-3 (Groundball, 4, EV 105.0 MPH) Mitch Boyd to third
|
Batting: LHB Jeff Luvisi
|
0-0: Called Strike 0-1: Ball 1-1: Ball 2-1: Foul Ball, location: 2F 2-2: Strikes out swinging
|
Bottom of the 7th over - 1 run, 2 hits, 0 errors, 1 left on base; Atlanta 10 - Philadelphia 2 |
TOP OF THE 8TH |
Atlanta Braves batting - Pitching for Philadelphia Phillies : RHP Mike Kamm
|
Batting: RHB Ray Llewellyn
|
0-0: Foul Ball, location: 2F 0-1: Called Strike 0-2: Strikes out swinging
|
Batting: LHB Curt Nelson
|
0-0: Ball 1-0: Called Strike 1-1: Ball 2-1: Fly out, F8 (Flyball, 89M, EV 77.5 MPH)
|
Batting: SHB Ken Welch
|
0-0: Ball 1-0: Ball 2-0: Called Strike 2-1: Called Strike 2-2: Foul Ball, location: 2F 2-2: Ground out U3 (Groundball, 3, EV 103.1 MPH)
|
Top of the 8th over - 0 runs, 0 hits, 0 errors, 0 left on base; Atlanta 10 - Philadelphia 2 |
BOTTOM OF THE 8TH |
Philadelphia Phillies batting - Pitching for Atlanta Braves : LHP Joe Testa
|
Pitching: RHP Larry Stegall
|
|
Batting: RHB Raul de la Cruz
|
0-0: Ball 1-0: Called Strike 1-1: Swinging Strike 1-2: Strikes out swinging
|
Batting: LHB Alberto Figueroa
|
0-0: Ball 1-0: Swinging Strike 1-1: Swinging Strike 1-2: Ball 2-2: SINGLE (Groundball, 6MS, EV 66.3 MPH) (infield hit)
|
Batting: RHB Chef Belew
|
0-0: Called Strike 0-1: Ball 1-1: Swinging Strike 1-2: Strikes out swinging
|
Batting: SHB Patrick Kimmel
|
0-0: Swinging Strike 0-1: Called Strike 0-2: Strikes out swinging
|
Bottom of the 8th over - 0 runs, 1 hit, 0 errors, 1 left on base; Atlanta 10 - Philadelphia 2 |
TOP OF THE 9TH |
Atlanta Braves batting - Pitching for Philadelphia Phillies : RHP Mike Kamm
|
Batting: RHB Liu-liang Lei
|
0-0: Ball 1-0: Fly out, F9 (Flyball, 9D, EV 101.3 MPH)
|
Batting: RHB Liangde Li
|
0-0: Ground out 5-3 (Groundball, 56, EV 102.5 MPH)
|
Batting: RHB Butch Kaiser
|
0-0: Ball 1-0: Fly out, F4 (Popup, 4, EV 65.0 MPH)
|
Top of the 9th over - 0 runs, 0 hits, 0 errors, 0 left on base; Atlanta 10 - Philadelphia 2 |
BOTTOM OF THE 9TH |
Philadelphia Phillies batting - Pitching for Atlanta Braves : RHP Larry Stegall
|
Batting: LHB Nick Canizales
|
0-0: Ball 1-0: Ball 2-0: Called Strike 2-1: Called Strike 2-2: Foul Ball, location: 2F 2-2: Fly out, F9 (Flyball, 9LM, EV 75.6 MPH)
|
Batting: LHB Rich Sullivan
|
0-0: Ball 1-0: Called Strike 1-1: Fly out, F9 (Flyball, 9S, EV 89.4 MPH)
|
Batting: RHB Mitch Boyd
|
0-0: Ground out 6-3 (Groundball, 6, EV 85.0 MPH)
|
Bottom of the 9th over - 0 runs, 0 hits, 0 errors, 0 left on base; Atlanta 10 - Philadelphia 2 |
|